 Dungeon Crawl Stone Soup version 0.30-a0-373-gd37427bb62 (webtiles) character file.

Game seed: 8429931135027768877

200 sanka the Conjurer (level 5, -6/33 (41) HPs)
             Began as a Demigod Reaver on Nov 23, 2022.
             Mangled by an ogre
             ... wielding a +0 giant spiked club
              (28 damage)
             ... on level 5 of the Dungeon.
             The game lasted 00:06:34 (4073 turns).

sanka the Conjurer (Demigod Reaver)                 Turns: 4073, Time: 00:06:35

HP:   -6/33 (41)    AC:  5    Str: 13    XL:     5   Next: 24%
MP:   0/10          EV: 11    Int: 19    God:
Gold: 341           SH:  0    Dex: 12    Spells: 5/8 levels left

rFire   . . .      SeeInvis .    a - +2 glaive (venom)
rCold   . . .      Faith    .    (shield currently unavailable)
rNeg    . . .      Spirit   +    b - +0 leather armour
rPois   .          Reflect  .    (no helmet)
rElec   .          Harm     .    v - +0 cloak
rCorr   .          Rampage  .    (no gloves)
Will    .....                    j - +0 pair of boots
Stlth   +.........               r - amulet of guardian spirit
HPRegen 0.25/turn                (no ring)
MPRegen 0.12/turn                (no ring)

@: immotile, heavily drained
A: high MP 1, forlorn, divine attributes
a: no special abilities


You were on level 5 of the Dungeon.
You visited 1 branch of the dungeon, and saw 5 of its levels.

You collected 341 gold pieces.


Innate Abilities, Weirdness & Mutations

You have an increased reservoir of magic. (+10% MP)
You shall have no god before yourself.
Your divine heritage dramatically boosts your attributes as you level up.


   Skills:
 - Level 2.0 Fighting
 - Level 3.0 Maces & Flails
 - Level 1.7 Dodging
 - Level 2.0 Spellcasting
 + Level 4.3 Conjurations
 - Level 2.0 Necromancy
 - Level 2.0 Translocations


You had 5 spell levels left.
You knew the following spells:

 Your Spells              Type           Power      Damage    Failure   Level
u - Momentum Strike       Conj/Tloc      26%        3d8       9%          2
y - Kiss of Death         Conj/Necr      52%        2d9       6%          1

Your spell library contained the following spells:

 Spells                   Type           Power      Damage    Failure   Level
 Apportation              Tloc           18%        N/A       10%         1
 Sublimation of Blood     Necr           9%         N/A       14%         2
 Hailstorm                Conj/Ice       10%        3d5       26%         3
 Wereblood                Tmut           1%         N/A       32%         2
 Freezing Cloud           Conj/Ice/Air   3%         6-21      97%         5
 Alistair's Intoxication  Tmut/Pois      0%         N/A       99%         5
 Simulacrum               Ice/Necr       2%         N/A       100%        6
 Summon Hydra             Summ           0%         N/A       100%        7
 Polar Vortex             Ice            0%         N/A       100%        9

Inventory:

Hand Weapons
 a - a +2 glaive of venom (weapon)
 s - a +0 mace
Armour
 b - a +0 leather armour (worn)
 j - a +0 pair of boots (worn)
 v - a +0 cloak (worn)
Jewellery
 r - an amulet of guardian spirit (around neck)
Wands
 w - a wand of digging (5)
 x - a wand of polymorph (5)
 y - a wand of iceblast (3)
Scrolls
 c - 5 scrolls of identify {unknown}
 d - a scroll of poison {unknown}
 e - a scroll of enchant armour {unknown}
 g - a scroll of immolation {unknown}
 h - a scroll of butterflies {unknown}
 i - a scroll of magic mapping {unknown}
 k - a scroll of brand weapon {unknown}
 m - a scroll of vulnerability {unknown}
 p - a scroll of noise {unknown}
 q - a scroll of torment {unknown}
 t - a scroll of enchant weapon {unknown}
 u - a scroll of teleportation {unknown}
Potions
 f - 2 potions of attraction {unknown}
 l - 2 potions of resistance {unknown}
 n - a potion of heal wounds {unknown}
 o - a potion of brilliance {unknown}

Dungeon Overview and Level Annotations

Branches:
Dungeon (5/15)             Temple (0/1) D:4

▒▒.▒▒ ...▒ ▒.▒▒ ▒..▒▒
▒.▒†▒▒▒▒▒ ▒ ▒.......▒▒▒▒
▒.▒▒▒▒▒.▒.▒▒▒....▒
▒▒▒.....[..▒▒ ▒▒▒▒.▒▒▒
......£p..▒▒ ▒.....▒
▒▒▒▒▒.O▒.▒▒▒▒▒▒▒.....▒▒▒
▒..▒..▒▒............
▒..▒▒.▒▒.▒▒▒.....▒▒▒ ▒..
.. ▒........ ▒▒. .▒▒
▒▒▒.▒▒▒.▒ ▒. .▒
▒▒▒.▒▒▒▒. ▒. ▒........
▒▒.▒.▒▒▒▒▒


You could see an ogre (drained).


Message History

The hound is almost dead.
The hound bites you but does no damage. The hound bites you but does no damage.
The hound bites you but does no damage.
You closely miss the hound.
The hound is almost dead.
You kill the hound!
No target in view!
No target in view!
HP restored.
Found a glowing plate armour and 13 gold pieces.
y - a wand of iceblast (3)
You see here a +2 plate armour of cold resistance.
Search for what [Enter for "."]? .
An ogre comes into view. It is wielding a +0 giant spiked club.
The ogre shouts!
You reach to attack!
You completely miss the ogre.
The ogre hits you with a +0 giant spiked club!!
The concentrated momentum hits the ogre!
You are unable to move.
Aiming: Kiss of Death (safe; 6% risk of failure)
Aim: an ogre, wielding a +0 giant spiked club (heavily wounded, 100% to hit)
The negative energy hits the ogre!
The ogre is drained!
The ogre is almost dead.
You feel drained.
The ogre hits you with a +0 giant spiked club!!
Ouch! That really hurt!
You die...

Action                   |  1- 3 |  4- 6 || total
-------------------------+-------+-------++-------
Melee: Mace              |   151 |       ||   151
       Glaive            |    20 |    46 ||    66
       Punch             |     1 |       ||     1
 Cast: Momentum Strike   |    20 |     5 ||    25
       Kiss of Death     |     3 |     1 ||     4
 Stab: Sleeping          |     1 |       ||     1
Armor: Leather armour    |    54 |    17 ||    71
Dodge: Dodged            |   121 |    25 ||   146

Levels and vault maps discovered:
D:1:      dpeg_arrival_connections, layout_rooms
D:2:      layout_loops_ring, minmay_misc_feat_secret_circle,
          nicolae_grassy_gnolls
D:3:      layout_basic, mainiacjoe_overflow_chevrons, fountainhead, st_stairs_6,
          minmay_diced_spiral
D:4:      layout_basic, gammafunk_temple_overflow_pools,
          minmay_temple_entry_sparse_star, uniq_natasha, uniq_ijyb
D:5:      layout_loops_ring, mainiacjoe_overflow_tiny_flanked,
          dreamdust_gnoll_farm

Notes
Turn   | Place    | Note
-------+----------+-------------------------------------------
     0 | D:1      | sanka the Demigod Reaver began the quest for the Orb.
     0 | D:1      | Reached XP level 1. HP: 17/17 MP: 5/5
   123 | D:1      | Reached skill level 2 in Fighting
   181 | D:1      | Reached skill level 2 in Spellcasting
   181 | D:1      | Reached XP level 2. HP: 23/24 MP: 7/7
   184 | D:1      | Learned a level 2 spell: Momentum Strike
   375 | D:1      | Reached skill level 3 in Maces & Flails
   528 | D:2      | Reached skill level 3 in Conjurations
   903 | D:1      | Reached XP level 3. HP: 13/25 MP: 4/8
  1682 | D:3      | Reached skill level 1 in Necromancy
  1747 | D:3      | Reached skill level 1 in Translocations
  2084 | D:3      | HP: 1/21 [frilled lizard (3)]
  2899 | D:4      | Found a staircase to the Ecumenical Temple.
  2905 | D:4      | Reached XP level 4. HP: 14/24 MP: 2/9
  3124 | D:4      | Noticed Ijyb
  3130 | D:4      | Killed Ijyb
  3213 | D:4      | Noticed Natasha
  3216 | D:4      | Killed Natasha
  3219 | D:4      | Reached skill level 2 in Necromancy
  3219 | D:4      | Reached skill level 2 in Translocations
  3572 | D:4      | Noticed Natasha
  3582 | D:4      | Killed Natasha
  3583 | D:4      | Reached skill level 4 in Conjurations
  3583 | D:4      | Reached XP level 5. HP: 13/38 MP: 2/10
  3719 | D:4      | Noticed Natasha
  3727 | D:4      | Found a staircase to the Ecumenical Temple.
  3734 | D:4      | Killed Natasha
  4013 | D:5      | Entered Level 5 of the Dungeon
  4070 | D:5      | Noticed an ogre
  4073 | D:5      | Mangled by an ogre

Vanquished Creatures
  A hound (D:5)
  Natasha (twice) (D:4)
  Ijyb (D:4)
  An iguana (D:4)
  3 gnolls
  2 adders
  2 worms
  3 dart slugs
  5 orcs (D:4)
  3 ball pythons
  3 bats
  6 endoplasms
  5 giant cockroaches
  2 goblins
  7 hobgoblins
  A quokka (D:1)
  3 frilled lizards
  7 kobolds
  4 rats
61 creatures vanquished.

Vanquished Creatures (others)
  Natasha (D:4)
  2 adders
  A hobgoblin (D:2)
  A bat (D:2)
  A frilled lizard (D:3)
  13 plants (D:2)
19 creatures vanquished.

Grand Total: 80 creatures vanquished
